 Dungeon Crawl Stone Soup version 0.19.4-8-ga85b6b9 (webtiles) character file.

11179 KromesxD the Fighter (level 11, -4/154 (156) HPs)
             Began as a Minotaur Berserker on Feb 12, 2017.
             Was a High Priest of Trog.
             Killed from afar by a fire dragon (26 damage)
             ... with a blast of flame
             ... on level 11 of the Dungeon.
             The game lasted 00:36:57 (12008 turns).

KromesxD the Fighter (Minotaur Berserker)          Turns: 12008, Time: 00:36:58

HP:   -4/154 (156)  AC: 14    Str: 27    XL:     11   Next: 45%
MP:   10/10         EV: 14    Int:  7    God:    Trog [*****.]
Gold: 785           SH:  6    Dex: 10    Spells: 0 memorised, 10 levels left

rFire  . . .     SeeInvis .     U - +1 war axe (chop)
rCold  . . .     Gourm    .     M - +2 scale mail {rPois}
rNeg   . . .     Faith    .     m - +0 buckler
rPois  +         Spirit   .     (helmet restricted)
rElec  .         Reflect  .     (no cloak)
rCorr  .         Harm     .     O - +1 pair of gloves
MR     .....                    k - +0 pair of boots
Stlth  ..........               (no amulet)
                                (no ring)
                                (no ring)

@: berserking (expiring), very slightly contaminated, studying 2 skills, very
quick
A: retaliatory headbutt, horns 2
a: Berserk, Trog's Hand, Brothers in Arms, Burn Spellbooks, Renounce Religion


You were on level 11 of the Dungeon.
You worshipped Trog.
Trog was extremely pleased with you.
You were not hungry.

You visited 1 branch of the dungeon, and saw 11 of its levels.
You also visited: Bailey.

You collected 785 gold pieces.

Inventory:

Hand Weapons
 i - a +1 dagger of electrocution
 s - a +4 hand axe of venom
 y - a +3 battleaxe
 U - a +1 war axe of chopping (weapon)
 X - a +1 long sword of flaming
Missiles
 p - 156 arrows
 Q - 14 javelins of returning (quivered)
Armour
 k - a +0 pair of boots (worn)
 m - a +0 buckler (worn)
 q - a +0 chain mail
 x - a +0 ring mail of positive energy
 M - a +2 scale mail of poison resistance (worn)
 O - a +1 pair of gloves (worn)
Wands
 n - a wand of flame (15/48)
 o - a wand of flame (27/48)
 K - a wand of lightning (8/15)
 N - a wand of teleportation (6/9)
 R - a wand of digging (10/24)
Scrolls
 d - a scroll of fear
 g - 3 scrolls of teleportation
 j - a scroll of enchant armour {unknown}
 l - 2 scrolls of remove curse
 u - 4 scrolls of enchant weapon
 C - a scroll of amnesia {unknown}
 E - a scroll of noise {unknown}
 F - a scroll of fog {unknown}
 H - a scroll of immolation {unknown}
 L - a scroll of recharging {unknown}
 S - a scroll of magic mapping {unknown}
Potions
 a - 2 potions of curing
 b - a potion of resistance
 f - a potion of might
 h - a potion of cure mutation
 t - a potion of flight
 z - a potion of lignification
 A - a potion of heal wounds
 B - a potion of brilliance
 G - a potion of invisibility
 I - a potion of ambrosia
 W - a potion of magic {unknown}
Books
 v - a book of Fire

   Spells                             Type                      Level
   a - Ignite Poison                  Fire/Transmutation/Poison    3
   b - Fireball                       Conjuration/Fire             5
   c - Bolt of Fire                   Conjuration/Fire             6
   d - Delayed Fireball               Conjuration/Fire             7
   e - Ring of Flames                 Charms/Fire                  7
   Trog disapproves of the use of such an item.
 Y - a manual of
Armour
 Z - a manual of Fighting
Comestibles
 c - 10 bread rations
 r - 10 beef jerkies
 P - 2 meat rations


   Skills:
 - Level 11.7 Fighting
 - Level 10.0 Axes
 + Level 10.3 Armour
 + Level 9.1 Dodging
 + Level 8.9 Shields


You had 10 spell levels left.
You didn't know any spells.

Dungeon Overview and Level Annotations

Branches:
Dungeon (11/15)            Temple (0/1) D:5            Lair (0/6) D:10
    Orc: D:9-12

Altars:
Qazlal
Uskayaw
Vehumet
The Shining One

Shops:
D:6 *   D:8 %

Annotations:
D:10 exclusion: obsidian statue


Innate Abilities, Weirdness & Mutations

You reflexively headbutt those who attack you in melee.
You have a pair of horns on your head.


Message History

You headbutt the fire bat! You block the fire bat's attack.
The fire bat misses you.
You slice the fire bat!!
You kill the fire bat!
Trog accepts your kill. You block the fire bat's attack.
The fire dragon breathes flames at you.
The blast of flame hits the fire bat.
The fire bat completely resists.
The blast of flame hits you!
* * * LOW HITPOINT WARNING * * *
You are too berserk!
The fire bat bites you but does no damage.
You miss the fire bat. Your headbutt misses the fire bat.
The fire bat barely misses you. You furiously retaliate!
You headbutt the fire bat!
All of the chunks of flesh in your inventory have rotted away.
The fire dragon breathes flames at you.
The blast of flame hits the fire bat.
The fire bat completely resists.
The blast of flame hits you!
You die...

#################################
................@b...............
....#### ##########D.############
#.(.# #..# #...# #รท)#
#...###############))####### ###
#.......<................... ...
............................ ...
#...################...##### ###
#...# ##...#


You could see a fire dragon and a fire bat.

Vanquished Creatures
  A hill giant (D:10)
  Pikel (D:5)
  A cyclops (D:11)
  Joseph (D:9)
  2 kobold demonologists (D:11)
  A hornet (D:9)
  Prince Ribbit (D:7)
  3 hippogriffs
  A shadow (D:11)
  5 fire bats (D:11)
  A wraith (D:11)
  2 hell hounds (D:10)
  An ice beast (D:5)
  A hornet zombie (D:9)
  14 orc warriors
  2 necrophages
  2 sky beasts
  A slave (D:5)
  A black bear (D:6)
  7 ogres
  2 phantoms (D:10)
  14 centaurs
  6 big kobolds
  3 bullfrogs
  A wyvern zombie (D:9)
  2 scorpions
  5 killer bees (D:11)
  4 wights
  4 howler monkeys
  A crimson imp (D:6)
  A bullfrog zombie (D:9)
  2 quasits
  2 centaur zombies (D:9)
  4 hounds
  3 jellies
  A bullfrog skeleton (D:5)
  9 orc priests
  12 orc wizards
  Terence (D:3)
  6 iguanas
  6 worker ants
  A mummy (D:9)
  11 gnolls
  8 adders
  An ooze (D:7)
  An adder skeleton (D:5)
  An adder zombie (D:9)
  3 worms
  2 dart slugs (D:1)
  4 leopard geckos
  69 orcs
  7 bats
  4 giant cockroaches
  34 goblins
  24 hobgoblins
  11 jackals
  4 quokkas
  3 ball pythons (D:1)
  3 frilled lizards
  15 kobolds
  A leopard gecko skeleton (D:8)
  7 rats
352 creatures vanquished.

Vanquished Creatures (others)
  A goblin (D:5)
  2 hobgoblins (D:5)
3 creatures vanquished.

Grand Total: 355 creatures vanquished

Notes
Turn   | Place    | Note
-------+----------+-------------------------------------------
     0 | D:1      | KromesxD the Minotaur Berserker began the quest for the Orb.
     0 | D:1      | Reached XP level 1. HP: 19/19 MP: 0/0
   104 | D:1      | Reached skill level 4 in Fighting
   104 | D:1      | Reached XP level 2. HP: 27/27 MP: 1/1
   981 | D:2      | Reached XP level 3. HP: 29/33 MP: 2/2
  1264 | D:2      | Reached ** piety under Trog
  1690 | D:3      | Reached XP level 4. HP: 41/41 MP: 3/3
  1761 | D:3      | Reached skill level 5 in Axes
  1777 | D:3      | Noticed Terence
  1789 | D:3      | Killed Terence
  1789 | D:3      | Reached skill level 5 in Fighting
  1794 | D:3      | HP: 2/42 [poisoned by Terence]
  1992 | D:3      | Found a glowing golden altar of the Shining One.
  2067 | D:3      | Reached XP level 5. HP: 48/48 MP: 4/4
  2433 | D:4      | Noticed a hippogriff
  2439 | D:4      | Killed a hippogriff
  2439 | D:4      | Reached skill level 6 in Fighting
  2439 | D:4      | Reached XP level 6. HP: 40/58 MP: 5/5
  2446 | D:4      | Reached skill level 7 in Fighting
  2447 | D:4      | Reached XP level 7. HP: 47/66 MP: 6/6
  2958 | D:4      | Reached skill level 8 in Fighting
  3058 | D:5      | Entered Level 5 of the Dungeon
  3070 | D:5      | Reached *** piety under Trog
  3105 | D:5      | Found a staircase to the Ecumenical Temple.
  3195 | D:5      | Reached XP level 8. HP: 53/77 MP: 7/7
  3407 | D:5      | Found a stormy altar of Qazlal.
  3415 | D:5      | Reached skill level 9 in Fighting
  3947 | D:5      | Reached **** piety under Trog
  3986 | D:5      | Reached skill level 10 in Fighting
  4087 | D:5      | Noticed Pikel
  4102 | D:5      | Killed Pikel
  4102 | D:5      | Reached skill level 11 in Fighting
  4102 | D:5      | Reached XP level 9. HP: 23/89 MP: 8/8
  4789 | D:6      | Reached skill level 10 in Axes
  5075 | D:6      | Found Bivarroere's General Store.
  5076 | D:6      | Reached ***** piety under Trog
  5726 | D:7      | Reached skill level 1 in Shields
  6368 | D:7      | Noticed Prince Ribbit
  6381 | D:7      | Killed Prince Ribbit
  6381 | D:7      | Reached skill level 5 in Armour
  6528 | D:8      | Found Begar's Food Shoppe.
  6546 | D:8      | Reached skill level 5 in Dodging
  6892 | D:8      | Found a hide-covered altar of Uskayaw.
  7106 | D:8      | Reached XP level 10. HP: 92/97 MP: 9/9
  7286 | D:8      | Found a radiant altar of Vehumet.
  7469 | D:9      | Received a gift from Trog
  7765 | D:9      | Reached skill level 5 in Shields
  8286 | D:9      | Noticed Joseph
  8299 | D:9      | Killed Joseph
  8760 | D:10     | Entered Level 10 of the Dungeon
  9267 | D:10     | Found a staircase to the Lair.
  9547 | D:10     | Noticed an obsidian statue
  9558 | D:10     | Noticed a hill giant
  9563 | D:10     | Killed a hill giant
  9765 | D:11     | Found a flagged portal.
  9793 | D:11     | Noticed a cyclops
  9807 | D:11     | Killed a cyclops
  9967 | Bailey   | Entered a bailey
  9991 | Bailey   | Reached XP level 11. HP: 70/103 MP: 10/10
 10047 | Bailey   | Received a gift from Trog
 11777 | D:11     | Noticed a sun demon
 11777 | D:11     | Received a gift from Trog
 11789 | D:11     | Reached skill level 10 in Armour
 11986 | D:11     | Noticed a fire dragon
 12008 | D:11     | Killed from afar by a fire dragon

Skill      XL: |  1  2  3  4  5  6  7  8  9 10 11 |
---------------+----------------------------------+-----
Fighting       | 4 5 6 7 8 11 | 11.7
Axes           | 4 5 6 7 8 9 10 | 10.0
Armour         | 5 8 10 | 10.3
Dodging        | 5 8 9 |  9.1
Shields        | 3 7 8 |  8.9

Action                   |  1- 3 |  4- 6 |  7- 9 | 10-12 || total
-------------------------+-------+-------+-------+-------++-------
Melee: Hand axe          |    78 |    69 |   321 |   137 ||   605
       Headbutt          |    15 |     6 |    50 |    75 ||   146
       Battleaxe         |       |       |    31 |       ||    31
       War axe           |       |       |       |   249 ||   249
Throw: Javelin           |       |       |       |     4 ||     4
Invok: Berserk           |       |     2 |     3 |     5 ||    10
       Trog's Hand       |       |     1 |       |     1 ||     2
  Use: Scroll            |     2 |       |     5 |    10 ||    17
       Potion            |     1 |     2 |       |     1 ||     4
 Stab: Sleeping          |     1 |       |       |       ||     1
  Eat: Chunk             |     3 |     3 |     3 |       ||     9
       Meat ration       |       |       |     2 |     2 ||     4
       Bread ration      |       |       |     1 |     1 ||     2
       Pizza             |       |       |     1 |     1 ||     2
       Fruit             |       |       |       |     7 ||     7
Armor: Animal skin       |    19 |       |       |       ||    19
       Scale mail        |       |    17 |    14 |   149 ||   180
       Robe              |       |     2 |       |       ||     2
       Chain mail        |       |       |   113 |       ||   113
       Ring mail         |       |       |    15 |     3 ||    18
Dodge: Dodged            |    48 |    31 |   147 |   273 ||   499
Block: Buckler           |       |       |    15 |   118 ||   133
